 Dungeon Crawl Stone Soup version 0.29.1-15-g9cfb28693d (webtiles) character file.

Game seed: 10321194975417270369

1824 javelincjr the Schismatic (level 8, -3/63 HPs)
             Began as a Demonspawn Abyssal Knight on Mar 26, 2023.
             Was an Elder of Lugonu.
             Slain by a wraith (5 damage)
             ... on level 6 of the Dungeon on Mar 27, 2023.
             The game lasted 00:31:10 (8491 turns).

javelincjr the Schismatic (DsAK)                    Turns: 8491, Time: 00:31:11

Health: -3/63      AC: 12    Str: 20    XL:     8   Next: 86%
Magic:  8/13       EV: 11    Int: 13    God:    Lugonu [****..]
Gold:   132        SH:  4    Dex: 14    Spells: 9/10 levels left

rFire   . . .      SeeInvis .   a - +1 hand axe
rCold   + . .      Faith    .   h - orb {*channel}
rNeg    . . .      Spirit   .   i - +1 scale mail {rC+}
rPois   .          Reflect  .   (no helmet)
rElec   .          Harm     .   (no cloak)
rCorr   .          Rampage  .   (no gloves)
Will    .....                   (no boots)
Stlth   ..........              (no amulet)
HPRegen 0.20/turn               R - ring of wizardry
MPRegen 0.13/turn               t - +6 ring of strength

@: lethally poisoned (-3 -> -4), slowed, very slow
A: icemail 1, condensation shield, demonic touch 1
a: Renounce Religion, Depart the Abyss, Bend Space, Banish, Corrupt


You were on level 6 of the Dungeon.
You worshipped Lugonu.
Lugonu was greatly pleased with you.
You visited 1 branch of the dungeon, and saw 6 of its levels.
You visited the Abyss 1 time.
You also visited: Sewer.

You collected 224 gold pieces.
You spent 92 gold pieces at shops.

Inventory:

Hand Weapons
 a - a +1 hand axe (weapon)
 c - a +1 short sword of draining
 C - a +0 war axe
 E - a +1 dagger of venom
 I - a +2 dagger of protection
 J - a +4 short sword
 Q - a +2 spear of venom
Missiles
 n - 6 datura-tipped darts
 D - 19 poisoned darts
 N - 4 boomerangs
Armour
 b - a +0 leather armour
 g - a +0 plate armour
 h - an orb of energy (worn)
 i - a +1 scale mail of cold resistance (worn)
 x - a +0 chain mail
Jewellery
 q - a ring of resist corrosion
 t - a +6 ring of strength (right hand)
 M - a ring of willpower
 R - a ring of wizardry (left hand)
 S - a ring of ice
Wands
 r - a wand of polymorph (8)
 H - a wand of iceblast (7)
Scrolls
 d - 2 scrolls of butterflies {unknown}
 e - 6 scrolls of teleportation
 k - 2 scrolls of silence
 l - 10 scrolls of identify {unknown}
 m - 2 scrolls of torment {unknown}
 s - a scroll of fear {unknown}
 u - a scroll of amnesia {unknown}
 v - a scroll of magic mapping {unknown}
 w - a scroll of summoning {unknown}
 y - a scroll of immolation {unknown}
 F - 3 scrolls of enchant armour {unknown}
 P - a scroll of vulnerability {unknown}
 T - a scroll of acquirement {unknown}
Potions
 f - a potion of haste
 j - 5 potions of flight
 o - 3 potions of lignification
 p - 4 potions of mutation {unknown}
 z - a potion of magic {unknown}
 A - a potion of berserk rage {unknown}
 B - 2 potions of might {unknown}
 G - 2 potions of brilliance {unknown}
 K - 2 potions of ambrosia {unknown}
 L - a potion of cancellation {unknown}
 O - a potion of heal wounds


   Skills:
 + Level 5.6 Fighting
 + Level 4.7 Axes
 + Level 4.8 Armour
 + Level 4.4 Dodging
 + Level 1.9 Spellcasting
 + Level 2.0 Conjurations
 + Level 6.8 Invocations


You had 9 spell levels left.
You knew the following spells:

 Your Spells              Type           Power      Damage    Failure   Level
a - Foxfire               Conj/Fire      12%        2x1d4     17%         1

Your spell library contained the following spells:

 Spells                   Type           Power      Damage    Failure   Level
 Summon Small Mammal      Summ           4%         N/A       26%         1
 Conjure Flame            Conj/Fire      3%         6-21      45%         3
 Call Canine Familiar     Summ           1%         N/A       61%         3
 Frozen Ramparts          Ice            2%         1d1       61%         3
 Inner Flame              Hex/Fire       1%         N/A       61%         3
 Summon Guardian Golem    Hex/Summ       1%         N/A       61%         3
 Flame Wave               Conj/Fire      3%         2d5       85%         4
 Ice Form                 Ice/Tmut       1%         N/A       93%         4
 Summon Ice Beast         Ice/Summ       1%         N/A       93%         4


Dungeon Overview and Level Annotations

Branches:
Dungeon (6/15)              Sewer (visited)
 Temple: D:4-7

Altars:
Ashenzari
Sif Muna

Shops:
D:2 (   D:6 *

Annotations:
Abyss:1 Grinder, Menkaure


Innate Abilities, Weirdness & Mutations

A meltable icy envelope protects you from harm. (AC +4)
A meltable shield of frost defends you. (SH +4)
Your touch may inflict minor irresistible damage on your foes.


Message History

Space bends violently around you!
You blink.
Found 8 gold pieces.
You feel sick.
You are no longer poisoned.
The water moccasin attacks as you move away!
The water moccasin bites you.
You are poisoned.
The water moccasin poisons you!
You feel very sick.
The water moccasin bites you but does no damage.
Casting: Foxfire (safe; 17% risk of failure)
Confirm with . or Enter, or press ? or * to list all spells.
You conjure some foxfire!
You feel sick. The water moccasin bites you.
* * * LOW HITPOINT WARNING * * *
The water moccasin bites you but does no damage.
Casting: Foxfire (safe; 17% risk of failure)
Confirm with . or Enter, or press ? or * to list all spells.
You conjure some foxfire!
You feel sick.
The foxfire hits the water moccasin.
The water moccasin is almost dead.
The foxfire hits the water moccasin.
The water moccasin is almost dead.
You block the water moccasin's attack.
The foxfire hits the wraith.
The wraith is lightly damaged.
You block the water moccasin's attack.
Casting: Foxfire (safe; 17% risk of failure)
Confirm with . or Enter, or press ? or * to list all spells.
You conjure some foxfire!
You feel sick.
The foxfire hits the wraith but does no damage.
The wraith is lightly damaged.
The water moccasin barely misses you. The water moccasin closely misses you.
Casting: Foxfire (safe; 17% risk of failure)
Confirm with . or Enter, or press ? or * to list all spells.
You conjure some foxfire!
You feel sick.
The foxfire hits the water moccasin.
You kill the water moccasin!
Lugonu accepts your kill.
The foxfire hits the wraith but does no damage.
The wraith is lightly damaged.
The wraith hits you!
* * * LOW HITPOINT WARNING * * *
The wraith hits you.
You die...

##.#
#.##.####...#
.........##.##.#
##.##
.....##..##.##.#
#.# ## .##.
##..##.##.# #.#
.#
#..#....#.##.#
#.##### .
#.$......#...#
#......
######..#.#####
#######
#W........
#.@§.##### .#
#.vv.# .. #....#
.. .....#
##..### # ....
#. # ....
#.####### .#
♣♣... #........
.# # ##........


You could see a wraith.

Vanquished Creatures
  A water moccasin (D:6)
  The ghost of nroviw the Chopper, an amateur HOBe of Trog (D:3)
  2 ogres
  A black bear (D:5)
  A centaur (D:6)
  2 kobold brigands (Sewer)
  3 scorpions
  A quasit (Sewer)
  3 hounds
  A jelly (D:5)
  7 orc priests
  Jessica (D:2)
  Ijyb (D:4)
  4 orc wizards
  4 adders
  5 gnolls
  4 shadow imps (Sewer)
  2 white imps
  2 ufetubi (Sewer)
  2 dart slugs
  30 orcs
  8 ball pythons
  A bat zombie (Sewer)
  5 endoplasms
  4 giant cockroaches
  10 goblins
  3 hobgoblins
  4 jackals (D:2)
  A quokka (D:2)
  6 bats
  5 frilled lizards
  A giant cockroach zombie (Sewer)
  14 kobolds
  2 kobold zombies (Sewer)
  6 rats (D:1)
148 creatures vanquished.

Vanquished Creatures (others)
  An endoplasm (Sewer)
  A kobold zombie (Sewer)
  96 foxfires
98 creatures vanquished.

Grand Total: 246 creatures vanquished

Notes
Turn   | Place    | Note
-------+----------+-------------------------------------------
     0 | Abyss:1  | javelincjr the Demonspawn Abyssal Knight began the quest
                  | for the Orb.
     0 | Abyss:1  | Reached XP level 1. HP: 18/18 MP: 2/2
    47 | Abyss:1  | Noticed a large abomination
    50 | Abyss:1  | Noticed a large abomination
    56 | Abyss:1  | Noticed a chaos spawn
    59 | D:1      | Escaped the Abyss
   189 | D:1      | Reached skill level 1 in Dodging
   421 | D:1      | Found a faded altar of an unknown god.
   476 | D:1      | Gained mutation: Your touch may inflict minor irresistible
                  | damage on your foes. [demonic ancestry]
   476 | D:1      | Reached XP level 2. HP: 24/24 MP: 4/4
  1263 | D:2      | Gained mutation: A meltable shield of frost defends you.
                  | (SH +4) [demonic ancestry]
  1263 | D:2      | Reached XP level 3. HP: 28/29 MP: 5/5
  1266 | D:2      | Reached skill level 3 in Invocations
  1806 | D:2      | Found Metiele's Weapon Shop.
  2033 | D:2      | Noticed Jessica
  2067 | D:2      | Killed Jessica
  2068 | D:2      | Gained mutation: A meltable icy envelope protects you from
                  | harm. (AC +4) [demonic ancestry]
  2068 | D:2      | Reached XP level 4. HP: 25/35 MP: 6/6
  2709 | D:3      | Found a runed translucent door.
  2712 | D:3      | Noticed nroviw's ghost (amateur HOBe)
  2875 | D:3      | Reached XP level 5. HP: 40/41 MP: 7/7
  2921 | D:3      | Found a glowing drain.
  2930 | Sewer    | Entered a sewer
  2931 | Sewer    | Reached *** piety under Lugonu
  3059 | Sewer    | Reached skill level 4 in Invocations
  3179 | Sewer    | Found a burning altar of Makhleb.
  3225 | Sewer    | Reached XP level 6. HP: 5/48 MP: 9/9
  3729 | Sewer    | Noticed Grinder
  3736 | Sewer    | Banished Grinder
  3737 | Sewer    | Reached skill level 5 in Invocations
  3737 | Sewer    | Reached XP level 7. HP: 54/55 MP: 5/10
  4562 | D:3      | Killed nroviw's ghost
  4821 | D:4      | Noticed Ijyb
  4880 | D:4      | Killed Ijyb
  5437 | D:4      | Reached **** piety under Lugonu
  5449 | D:4      | Reached skill level 5 in Fighting
  5829 | D:4      | Reached XP level 8. HP: 61/62 MP: 12/12
  5979 | D:4      | Learned a level 1 spell: Foxfire
  6052 | D:4      | Reached skill level 6 in Invocations
  6167 | D:5      | Entered Level 5 of the Dungeon
  6821 | D:5      | Reached skill level 1 in Conjurations
  7038 | D:5      | Reached skill level 1 in Spellcasting
  7507 | D:6      | Found Sanepn's Assorted Antiques.
  7515 | D:6      | Bought a scroll labelled ISHROT EPTOLAAKK for 23 gold
                  | pieces
  7515 | D:6      | Bought a scroll labelled MEZIAGI REPU for 23 gold pieces
  7515 | D:6      | Bought a scroll labelled ISHROT EPTOLAAKK for 23 gold
                  | pieces
  7515 | D:6      | Bought a scroll labelled QEAVEA ANYCLU for 23 gold pieces
  7683 | D:6      | Noticed Menkaure
  7710 | D:6      | Banished Menkaure
  8185 | D:6      | Found a shimmering blue altar of Sif Muna.
  8252 | D:6      | Found a broken altar of Ashenzari.
  8491 | D:6      | HP: 2/63 [wraith (9)]
  8491 | D:6      | Slain by a wraith

Illustrated notes

Levels and vault maps discovered:
D:1:      dpeg_arrival_three_same_balls, layout_basic,
          shapermc_ecumenical_altar_notcrosses, minmay_pentomino_u4
D:2:      wander_river, layout_loops_corners, serial_shops,
          nicolae_shop_temple_entry_statues_fountains, uniq_jessica
D:3:      layout_loops_cross, portal_sewer_entry_d,
          ebering_ghost_reflecting_pool, chequers_decorated_corner,
          amcnicky_mini_rare_corridor_liquid
D:4:      layout_loops_ring, roderic_roman_lattice, uniq_ijyb
D:5:      layout_basic, serial_corexii_hall, chequers_hall_statues_corner_a,
          chequers_hall_statues_y, minmay_misc_feat_iff, uniq_grinder
D:6:      layout_loops_ring, kennysheep_mini, mainiacjoe_overflow_cross_hatched,
          serial_shops, shop_fountains, uniq_menkaure, uniq_crazy_yiuf_cottage

Skill      XL: |  1  2  3  4  5  6  7  8 |
---------------+-------------------------+-----
Dodging        | 1 2 3 4 |  4.4
Armour         | 2 3 4 |  4.8
Axes           | 2 3 4 |  4.7
Invocations    | 3 4 5 6 |  6.8
Fighting       | 4 5 |  5.6
Conjurations   | 2 |  2.0
Spellcasting   | 1 |  1.9

Action                   |  1- 3 |  4- 6 |  7- 9 || total
-------------------------+-------+-------+-------++-------
Melee: Short sword       |   133 |     4 |       ||   137
       Touch             |     1 |       |       ||     1
       Unarmed           |     1 |       |       ||     1
       Hand axe          |       |   156 |   358 ||   514
 Cast: Foxfire           |       |       |    56 ||    56
Invok: Depart the Abyss  |     1 |       |       ||     1
       Banish            |       |     1 |     3 ||     4
       Bend Space        |       |       |     4 ||     4
  Use: Potion            |       |     5 |     1 ||     6
       Scroll            |       |       |     2 ||     2
 Stab: Sleeping          |     1 |       |       ||     1
       Invisible         |       |     5 |       ||     5
Armor: Leather armour    |     5 |       |       ||     5
       Plate armour      |    80 |   134 |   119 ||   333
       Skin              |       |   134 |       ||   134
       Scale mail        |       |       |   103 ||   103
Dodge: Dodged            |    25 |    81 |   177 ||   283
Block: Orb               |     8 |    59 |    70 ||   137
